 Dungeon Crawl Stone Soup version 0.28-a0-561-gc72452776e (webtiles) character file.

Game seed: 12376048109445602390

382 Conn the Sneak (level 6, -5/37 HPs)
             Began as an Octopode Fire Elementalist on Sept 29, 2021.
             Slain by a killer bee (6 damage)
             ... on level 4 of the Dungeon.
             The game lasted 00:09:38 (3830 turns).

Conn the Sneak (Octopode Fire Elementalist)         Turns: 3830, Time: 00:09:39

Health: -5/37      AC:  1    Str:  7    XL:     6   Next: 76%
Magic:  6/11       EV: 13    Int: 20    God:
Gold:   166        SH:  0    Dex: 12    Spells: 11/12 levels left

rFire   . . .      SeeInvis .   i - staff of air
rCold   . . .      Faith    .   (no shield)
rNeg    . . .      Spirit   .   (helmet restricted)
rPois   .          Reflect  .   (no amulet)
rElec   +          Harm     .   (no ring)
rCorr   .          Rampage  .   (no ring)
Will    .....                   (no ring)
Stlth   ++++......              (no ring)
HPRegen 0.12/turn               (no ring)
MPRegen 0.12/turn               (no ring)
                                (no ring)
                                (no ring)

@: lethally poisoned (-5 -> -12), attractive
A: almost no armour, amphibious, 8 rings, camouflage 1, gelatinous body 1,
(nimble swimmer 1), tentacles
a: no special abilities


You were on level 4 of the Dungeon.
You visited 1 branch of the dungeon, and saw 4 of its levels.

You collected 166 gold pieces.

Inventory:

Hand Weapons
 a - a +0 dagger
Missiles
 c - 7 poisoned darts
Magical Staves
 i - a staff of air (weapon)
Scrolls
 b - a scroll of enchant armour {unknown}
 d - 2 scrolls of identify {unknown}
 f - a scroll of fear {unknown}
 j - a scroll of blinking {unknown}
Potions
 l - a potion of lignification {unknown}
 m - a potion of berserk rage {unknown}
 n - a potion of curing {unknown}


   Skills:
 + Level 0.5 Fighting
 + Level 1.2 Short Blades
 + Level 0.5 Staves
 + Level 2.4 Dodging
 + Level 4.6 Stealth
 + Level 3.9 Spellcasting
 + Level 2.2 Conjurations
 + Level 4.5 Fire Magic


You had 11 spell levels left.
You knew the following spells:

 Your Spells              Type           Power      Damage    Failure   Level
a - Foxfire               Conj/Fire      68%        2x1d7     3%          1

Your spell library contained the following spells:

 Spells                   Type           Power      Damage    Failure   Level
 Scorch                   Fire           44%        2d7       3%          2
 Shock                    Conj/Air       48%        1d6       9%          1
 Conjure Flame            Conj/Fire      17%        6-21      10%         3
 Inner Flame              Hex/Fire       12%        N/A       16%         3
 Ignite Poison            Fire/Tmut/Pois 9%         N/A       22%         3
 Flame Wave               Conj/Fire      17%        3d5       32%         4
 Sticky Flame             Conj/Fire      17%        2d4       32%         4
 Gell's Gravitas          Tloc           1%         N/A       36%         3
 Swiftness                Air            5%         N/A       36%         3
 Teleport Other           Tloc           3%         N/A       36%         3
 Airstrike                Air            2%         N/A       78%         4
 Dispersal                Tloc           1%         N/A       100%        6


Dungeon Overview and Level Annotations

Branches:
Dungeon (4/15)
 Temple: D:4-7

Altars:


Innate Abilities, Weirdness & Mutations

You cannot wear most types of armour.
You are amphibious.
You can wear up to eight rings at the same time.
Your skin changes colour to match your surroundings (Stealth+).
Your rubbery body absorbs attacks. (AC +1, EV +1)
((You are camouflaged near water. (Stealth+)))
You have tentacles for arms and can constrict up to eight enemies at once.


Message History

Confirm with . or Enter, or press ? or * to list all spells.
You conjure some foxfire!
Your foxfire dissipates!
The foxfire hits the killer bee.
The killer bee is moderately wounded.
The killer bee stings you.
You are poisoned.
The killer bee poisons you!
You hit the killer bee but do no damage.
Your grab misses the killer bee.
The killer bee is moderately wounded.
You feel very sick.
The foxfire hits the killer bee.
The killer bee is moderately wounded.
The foxfire hits the killer bee.
The killer bee is severely wounded.
The foxfire hits the killer bee.
The killer bee is almost dead.
The killer bee stings you.
You are more poisoned.
The killer bee poisons you! The killer bee misses you. x2
Casting: Foxfire (safe; 3% risk of failure)
Confirm with . or Enter, or press ? or * to list all spells.
You conjure some foxfire!
You feel sick. The killer bee stings you. The killer bee stings you!
* * * LOW HITPOINT WARNING * * *
The killer bee stings you.
* * * LOW HITPOINT WARNING * * *
The killer bee barely misses you.
It was a potion of attraction.
You feel attractive to monsters.
* * * LOW HITPOINT WARNING * * *
You feel sick.
The foxfire hits the killer bee!
The killer bee is moderately wounded.
The foxfire hits the killer bee but does no damage.
The killer bee is almost dead.
The killer bee stings you!
* * * LOW HITPOINT WARNING * * *
The killer bee misses you. The killer bee stings you.
You die...

##################
.................#
################.# #.# #
###### #######.#.#.#.#
...... ......y@.......
################y#.#.#.#
...........# #†#.#
##########.# #.# # #.#
#.# #.# #.# #########.#
#.# ##.......#.# #.#
..<........#


You could see 2 killer bees.

Vanquished Creatures
  A scorpion (D:4)
  A killer bee (D:4)
  A hound (D:4)
  A jelly (D:4)
  A bullfrog skeleton (D:4)
  Jessica (D:3)
  A hound zombie (D:3)
  Robin (D:2)
  3 gnolls (D:2)
  4 adders
  2 worms
  A dart slug (D:1)
  5 orcs (D:3)
  2 endoplasms
  2 giant cockroaches
  8 hobgoblins
  5 jackals (D:2)
  6 quokkas
  3 ball pythons
  9 bats
  2 frilled lizards
  7 goblins (D:2)
  8 kobolds
  2 rats
77 creatures vanquished.

Vanquished Creatures (collateral kills)
  3 foxfires (D:2)
3 creatures vanquished.

Vanquished Creatures (others)
  226 foxfires
  9 fungi (D:2)
  2 plants (D:2)
237 creatures vanquished.

Grand Total: 317 creatures vanquished

Notes
Turn   | Place    | Note
-------+----------+-------------------------------------------
     0 | D:1      | Conn the Octopode Fire Elementalist began the quest for the
                  | Orb.
     0 | D:1      | Reached XP level 1. HP: 11/11 MP: 3/3
   320 | D:1      | Reached XP level 2. HP: 13/17 MP: 5/5
  1149 | D:2      | Found a faded altar of an unknown god.
  1304 | D:2      | Reached XP level 3. HP: 21/21 MP: 3/6
  1305 | D:2      | Noticed Robin
  1343 | D:2      | Killed Robin
  1475 | D:2      | Reached skill level 1 in Short Blades
  1477 | D:2      | Reached XP level 4. HP: 27/27 MP: 0/7
  2487 | D:3      | Reached XP level 5. HP: 31/31 MP: 6/8
  2642 | D:3      | Noticed Jessica
  2647 | D:3      | Killed Jessica
  3382 | D:4      | Reached XP level 6. HP: 12/36 MP: 3/11
  3830 | D:4      | HP: 1/37 [killer bee (7)]
  3830 | D:4      | Slain by a killer bee

Illustrated notes

Levels and vault maps discovered:
D:1:      dpeg_arrival_three_same_balls, layout_basic
D:2:      layout_basic, dreamdust_ecumenical_altar_grove,
          minmay_misc_feat_alley, palyth_stone_intersect, minmay_between,
          uniq_robin
D:3:      layout_basic, uniq_jessica
D:4:      layout_basic, minmay_surrounded

Skill      XL: |  1  2  3  4  5  6 |
---------------+-------------------+-----
Stealth        | 3 4 |  4.6
Short Blades   | 1 |  1.2
Fire Magic     | 4 |  4.5
Spellcasting   | 3 |  3.9
Conjurations   | 2 |  2.2
Fighting       | |  0.5
Staves         | |  0.5
Dodging        | |  2.4

Action                   |  1- 3 |  4- 6 || total
-------------------------+-------+-------++-------
Melee: Dagger            |    31 |    19 ||    50
       Constrict         |     8 |    11 ||    19
       Tentacles         |     3 |     4 ||     7
       Staff             |       |    14 ||    14
 Cast: Foxfire           |    38 |    96 ||   134
  Use: Potion            |       |     4 ||     4
 Stab: Sleeping          |     5 |     4 ||     9
Armor: Skin              |     5 |     5 ||    10
Dodge: Dodged            |    18 |    45 ||    63

Table legend: (Time is in decaauts)
 A = Elapsed time spent in this place.
 B = Non-inter-level travel time spent in this place.
 C = Inter-level travel time spent in this place.
 D = Time resting spent in this place.
 E = Time spent auto-exploring this place.
 F = Levels seen in this place.
 G = Mean time per level.
                   A        B        C        D        E       F      G
               +--------+--------+--------+--------+--------+-----+--------+
         Total |   3817 |   3743 |     74 |     84 |   2702 |   4 |  954.2 |
       Dungeon |   3817 |   3743 |     74 |     84 |   2702 |   4 |  954.2 |
               +--------+--------+--------+--------+--------+-----+--------+

Top non-repeatable levels by time:
     D:1: 1181 daAuts
     D:2: 1091 daAuts
     D:3: 871 daAuts
     D:4: 673 daAuts
